 Dungeon Crawl Stone Soup version 0.29-a0-617-g7a6b98fccd (webtiles) character file.

Game seed: 8437967033737081891

33070 frimble the Fighter (level 13, -23/96 HPs)
             Began as an Octopode Warper on June 17, 2022.
             Was an Elder of Ashenzari.
             Annihilated by a death yak (25 damage)
             ... on level 5 of the Lair of Beasts.
             The game lasted 00:45:18 (23710 turns).

frimble the Fighter (Octopode Warper)              Turns: 23710, Time: 00:45:18

Health: -23/96     AC:  5    Str: 14    XL:     13   Next: 68%
Magic:  18/27      EV: 19    Int: 26    God:    Ashenzari [****..]
Gold:   919        SH:  5    Dex:  6    Spells: 19/32 levels left

rFire   + + .      SeeInvis +   M - +10 rapier "Lacertilianslayer" {vorpal, rF++}
rCold   + + +      Faith    .   (no shield)
rNeg    . . .      Spirit   .   F - +0 hat of Daffodils {rC+++ Will++ Str+3 Dex-5}
rPois   .          Reflect  +   h - amulet of Ashenzari's Regret {Reflect SH+5, Alch, Bglg} (curse)
rElec   .          Harm     .   f - ring "I Knew You'd Do That" {Wiz, Self, Alch} (curse)
rCorr   .          Rampage  .   g - ring of flight
Will    +++..      Clarity  +   j - ring "Yoke of Ashenzari" {rC+, Evo, Elem} (curse)
Stlth   +++++.....              y - ring "Bound Mistrust" {Will+, Alch, Cun} (curse)
HPRegen 0.26/turn               D - ring of Ashenzari's Gnosis {Wiz, Melee, Evo} (curse)
MPRegen 0.20/turn               H - +4 ring of evasion
                                O - ring "Tethered Together" {AC+4, Cun, Melee} (curse)
                                l - ring "Dismay of Ashenzari" {Int+6, Self, Bglg} (curse)

@: flying
A: almost no armour, amphibious, 8 rings, camouflage 1, gelatinous body 1,
(nimble swimmer 1), tentacles
a: Renounce Religion, Shatter the Chains


You were on level 5 of the Lair of Beasts.
You worshipped Ashenzari.
Ashenzari was greatly pleased with you.
You visited 2 branches of the dungeon, and saw 16 of its levels.
You also visited: Gauntlet.

You collected 1029 gold pieces.
You spent 110 gold pieces at shops.

Inventory:

Hand Weapons
 M - the +10 rapier "Lacertilianslayer" (weapon) {vorpal, rF++}
   (You acquired it in a Gauntlet)

   It inflicts extra damage upon your enemies.
   rF:        It greatly protects you from fire.
Missiles
 a - 5 curare-tipped darts
 c - 3 boomerangs of dispersal
 r - 6 boomerangs
 w - 5 javelins
Armour
 F - the +0 hat of Daffodils (worn) {rC+++ Will++ Str+3 Dex-5}
   (You found it in a Gauntlet)

   Str:       It affects your strength (+3).
   Dex:       It affects your dexterity (-5).
   rC:        It renders you almost immune to cold.
   Will:      It greatly increases your willpower.
Jewellery
 f - the cursed ring "I Knew You'd Do That" (left tentacle) {Wiz, Self, Alch}
   (You found it on level 1 of the Dungeon)

   [ring of wizardry]

   It improves your spell success rate.
   It has a curse which improves the following skills: Introspection: Fighting
   and Spellcasting.
   Alchemy:   Poison Magic and Transmutations.
 g - a ring of flight (right tentacle)
 h - the cursed amulet of Ashenzari's Regret (around mantle) {Reflect SH+5, Alch, Bglg}
   (You found it on level 2 of the Dungeon)

   [amulet of reflection]

   It reflects blocked missile attacks.
   SH:        It affects your SH (+5).
   It has a curse which improves the following skills: Alchemy: Poison Magic and
   Transmutations.
   Beguiling: Conjurations, Hexes and Translocations.
 j - the cursed ring "Yoke of Ashenzari" (on tentacle) {rC+, Evo, Elem}
   (You found it on level 3 of the Dungeon)

   [ring of protection from cold]

   rC:        It protects you from cold.
   It has a curse which improves the following skills: Evocations: Evocations.
   Elements:  Fire Magic, Ice Magic, Air Magic and Earth Magic.
 l - the cursed ring "Dismay of Ashenzari" (on tentacle) {Int+6, Self, Bglg}
   (You found it on level 1 of the Lair of Beasts)

   [ring of intelligence]

   Int:       It affects your intelligence (+6).
   It has a curse which improves the following skills: Introspection: Fighting
   and Spellcasting.
   Beguiling: Conjurations, Hexes and Translocations.
 y - the cursed ring "Bound Mistrust" (on tentacle) {Will+, Alch, Cun}
   (You found it on level 6 of the Dungeon)

   [ring of willpower]

   Will:      It increases your willpower.
   It has a curse which improves the following skills: Alchemy: Poison Magic and
   Transmutations.
   Cunning:   Dodging and Stealth.
 A - a ring of poison resistance
 D - the cursed ring of Ashenzari's Gnosis (on tentacle) {Wiz, Melee, Evo}
   (You found it on level 8 of the Dungeon)

   [ring of wizardry]

   It improves your spell success rate.
   It has a curse which improves the following skills: Melee Combat: Short
   Blades, Long Blades, Axes, Maces & Flails, Polearms, Staves and Unarmed
   Combat.
   Evocations: Evocations.
 H - a +4 ring of evasion (on tentacle)
 O - the cursed ring "Tethered Together" (on tentacle) {AC+4, Cun, Melee}
   (You found it on level 2 of the Lair of Beasts)

   [ring of protection]

   AC:        It affects your AC (+4).
   It has a curse which improves the following skills: Cunning: Dodging and
   Stealth.
   Melee Combat: Short Blades, Long Blades, Axes, Maces & Flails, Polearms,
   Staves and Unarmed Combat.
Wands
 k - a wand of polymorph (14)
 q - a wand of flame (8)
 u - a wand of paralysis (7)
 x - a wand of iceblast (19)
 J - a wand of mindburst (6)
 P - a wand of acid (4)
 Q - a wand of digging (8)
Scrolls
 b - 2 scrolls of blinking
 d - a scroll of brand weapon
 i - 3 scrolls of amnesia
 m - 5 scrolls of teleportation
 o - 2 scrolls of torment
 s - 3 scrolls of enchant armour
 G - a scroll of silence
 I - 3 scrolls of magic mapping
 K - a scroll of vulnerability
 L - a scroll of immolation
 N - 3 scrolls of enchant weapon
Potions
 e - a potion of magic
 n - a potion of resistance
 p - 3 potions of flight
 t - 3 potions of curing
 v - 3 potions of ambrosia
 z - a potion of mutation
 B - a potion of cancellation
 E - 4 potions of brilliance


   Skills:
 - Level 8.8(11.8) Fighting
 + Level 3.1(7.8) Short Blades
 - Level 8.4(11.6) Long Blades
 - Level 1.1 Throwing
 - Level 8.3(11.3) Dodging
 + Level 8.2(11.2) Stealth
 - Level 7.3(10.3) Spellcasting
 - Level 6.0(9.0) Conjurations
 - Level 4.0(6.7) Translocations
 - Level 8.4(10.4) Ice Magic
 - Level 8.2(10.2) Air Magic
 - Level 6.3(8.3) Earth Magic
 - Level 4.0(6.7) Evocations


You had 19 spell levels left.
You knew the following spells:

 Your Spells              Type           Power      Damage    Failure   Level
a - Blink                 Tloc           96%        N/A       1%          2
b - Sandblast             Erth           100%       2d20      1%          1
c - Passwall              Tmut/Erth      30%        N/A       1%          2
d - Stone Arrow           Conj/Erth      100%       3d13      1%          3
e - Freezing Cloud        Conj/Ice/Air   30%        6-21      1%          5

Your spell library contained the following spells:

 Spells                   Type           Power      Damage    Failure   Level
 Magic Dart               Conj           100%       1d8       1%          1
 Call Imp                 Summ           13%        N/A       1%          2
 Searing Ray              Conj           100%       2d8       1%          2
 Conjure Flame            Conj/Fire      37%        6-21      1%          3
 Gell's Gravitas          Tloc           48%        N/A       1%          3
 Lesser Beckoning         Tloc           48%        N/A       1%          3
 Mephitic Cloud           Conj/Pois/Air  47%        N/A       1%          3
 Teleport Other           Tloc           48%        N/A       1%          3
 Fulminant Prism          Conj/Hex       18%        3d11      1%          4
 Manifold Assault         Tloc           48%        N/A       2%          5
 Ignite Poison            Fire/Tmut/Pois 15%        N/A       3%          3
 Summon Guardian Golem    Hex/Summ       14%        N/A       3%          3
 Summon Forest            Summ/Tloc      15%        N/A       9%          5
 Orb of Destruction       Conj           28%        9d9       24%         7
 Starburst                Conj/Fire      18%        6d7       26%         6
 Spellforged Servitor     Conj/Summ      18%        N/A       78%         7


Dungeon Overview and Level Annotations

Branches:
Dungeon (11/15)            Temple (0/1) D:7            Lair (5/6) D:8
  Swamp (0/4) Lair:4       Spider (0/4) Lair:3        Slime (0/5) Lair:5
Gauntlet (visited)
    Orc: D:9-12

Altars:
Ashenzari
Elyvilon
Gozag
Makhleb
Nemelex Xobeh
Qazlal
Vehumet
Wu Jian
Jiyva

Shops:
D:1 (   D:5 !

Annotations:
D:4 1 runed translucent door, chrisa4242's ghost, weakling DrAK
Lair:5 1 runed translucent door


Innate Abilities, Weirdness & Mutations

You cannot wear most types of armour.
You are amphibious.
You can wear up to eight rings at the same time.
Your skin changes colour to match your surroundings (Stealth+).
Your rubbery body absorbs attacks. (AC +1, EV +1)
((You are camouflaged when in or above water. (Stealth+)))
You have tentacles for arms and can constrict up to eight enemies at once.


Message History

You kill the death yak!
Your base Short Blades skill increases to level 3!
You puncture the death yak!
The death yak is severely wounded.
The death yak gores you but does no damage.
You barely miss the death yak.
You squeeze the death yak, but do no damage.
The death yak is severely wounded.
You barely miss the death yak.
The death yak is severely wounded.
The death yak barely misses you.
Casting: Freezing Cloud (mildly dangerous; 1% risk of failure)
Confirm with . or Enter, or press ? or * to list all spells.
You blink.
You are engulfed in freezing vapours.
You resist. The death yak gores you!
* * * LOW HITPOINT WARNING * * *
Casting: Blink (safe; 1% risk of failure)
Confirm with . or Enter, or press ? or * to list all spells.
You are still too unstable to blink.
Unknown command.
Unknown command.
You are engulfed in freezing vapours.
You resist.
* * * LOW HITPOINT WARNING * * *
The death yak attacks as you move away! You block the death yak's attack.
You feel stable enough to blink again.
Aiming: Corrosive Bolt
Press: ? - help, Shift-Dir - straight line, f - death yak
Aim: a death yak (severely wounded, 91% to hit)
The bolt of acid hits the death yak.
The acid corrodes the death yak!
The death yak is severely wounded.
Casting: Blink (safe; 1% risk of failure)
Confirm with . or Enter, or press ? or * to list all spells.
You blink.
You are engulfed in freezing vapours.
You resist.
* * * LOW HITPOINT WARNING * * *
The death yak gores you!
* * * LOW HITPOINT WARNING * * *
You are engulfed in freezing vapours.
You resist.
* * * LOW HITPOINT WARNING * * *
The death yak gores you!!
You die...

, * , , ,..##.* #.# , ,,
, # , , ....##...* , ##
, ......#., ,, ###. *
#### #.....#,## .#.?....
, **
....###....##..##....#..
....≈≈##....##..........
#.#...#....##.........#
###....≈#....#.......#..
,,
≈.....§@.#.†.#..........
, ,
......#Y○##..##.........
*
##...##°§≈#...#.........
,
##...○§§##.........#.##
* #...#.°##..#.....#####
,, *
.....#..≈##..##..#######
* ...≈....##...#...####
## , .###...≈##...#...##
# *....##...#....#


You could see a death yak (corroded).

Vanquished Creatures
  A minotaur (Gauntlet)
  A hydra (D:9)
  A boulder beetle (Lair:1)
  2 catoblepae
  A two-headed ogre (D:7)
  Erica (D:8)
  3 death yaks (Lair:5)
  Sonja (D:10)
  A fire crab (Lair:5)
  A bog body (Lair:4)
  Pikel (D:8)
  A black mamba (Lair:2)
  8 elephants
  Maurice (D:8)
  7 cane toads
  Joseph (Lair:1)
  A gargoyle (Gauntlet)
  4 rime drakes
  An unseen horror (D:10)
  4 komodo dragons
  2 trolls
  A polar bear (Lair:3)
  2 raiju (Gauntlet)
  Prince Ribbit (D:9)
  5 dream sheep (Lair:4)
  20 blink frogs
  3 wyverns
  21 yaks
  Eustachio (D:5)
  A basilisk (Lair:1)
  A redback (Lair:3)
  A steam dragon (D:7)
  3 swamp worms (Gauntlet)
  14 water moccasins
  3 black bears
  5 orc warriors
  2 sky beasts (D:7)
  6 wolves (Lair:1)
  2 ogres (D:5)
  6 centaurs
  A lemure (D:8)
  A kobold brigand (D:10)
  8 bullfrogs
  6 scorpions
  9 wights
  13 killer bees
  3 howler monkeys (D:10)
  An electric eel (Lair:4)
  3 jellies
  2 hounds (D:5)
  5 orc priests
  A gnoll shaman (Lair:2)
  Natasha (twice) (D:4)
  6 iguanas
  9 orc wizards
  2 lightning spires (Gauntlet)
  9 gnolls
  10 adders
  6 ufetubi
  3 worms
  7 dart slugs
  35 orcs
  6 ball pythons
  7 endoplasms
  6 giant cockroaches
  6 goblins
  7 hobgoblins
  2 jackals (D:2)
  3 quokkas
  2 bats
  3 frilled lizards
  15 kobolds
  5 rats
346 creatures vanquished.

Vanquished Creatures (others)
  14 demonic plants (Gauntlet)
  3 fungi
  50 plants
  2 withered plants (D:4)
69 creatures vanquished.

Grand Total: 415 creatures vanquished

Notes
Turn   | Place    | Note
-------+----------+-------------------------------------------
     0 | D:1      | frimble the Octopode Warper began the quest for the Orb.
     0 | D:1      | Reached XP level 1. HP: 14/14 MP: 3/3
   318 | D:1      | Reached XP level 2. HP: 5/19 MP: 5/5
   579 | D:1      | Learned a level 2 spell: Blink
   709 | D:1      | Found Pynumuif's Weapon Shoppe.
   985 | D:2      | Reached skill level 1 in Stealth
   985 | D:2      | Reached XP level 3. HP: 24/24 MP: 6/6
  1788 | D:2      | Reached XP level 4. HP: 19/29 MP: 7/7
  2164 | D:1      | Found a faded altar of an unknown god.
  3011 | D:3      | Reached XP level 5. HP: 34/34 MP: 8/8
  3580 | D:3      | Noticed a centaur
  3596 | D:3      | Killed a centaur
  3597 | D:3      | Reached XP level 6. HP: 21/39 MP: 9/9
  3628 | D:3      | Learned a level 1 spell: Sandblast
  3631 | D:3      | Learned a level 2 spell: Passwall
  3635 | D:3      | Learned a level 3 spell: Stone Arrow
  4308 | D:4      | Found a runed translucent door.
  4308 | D:4      | Noticed chrisa4242's ghost (weakling DrAK)
  4470 | D:4      | Noticed a black bear
  4585 | D:5      | Entered Level 5 of the Dungeon
  4644 | D:5      | Noticed Eustachio
  4660 | D:5      | Killed Eustachio
  4661 | D:5      | Reached skill level 1 in Conjurations
  4661 | D:5      | Reached skill level 1 in Earth Magic
  4661 | D:5      | Reached XP level 7. HP: 26/45 MP: 10/10
  5290 | D:5      | Reached skill level 5 in Long Blades
  5396 | D:5      | Reached XP level 8. HP: 50/50 MP: 4/11
  5971 | D:5      | Found Gufuskink's Distillery.
  6141 | D:4      | Noticed Natasha
  6152 | D:4      | Killed Natasha
  6343 | D:4      | Noticed Natasha
  6354 | D:4      | Killed Natasha
  6696 | D:5      | Bought 2 potions of heal wounds for 110 gold pieces
  7405 | D:6      | Found a broken altar of Ashenzari.
  7411 | D:6      | Became a worshipper of Ashenzari the Shackled
  7937 | D:6      | Learned a level 5 spell: Freezing Cloud
  7964 | D:7      | Noticed a two-headed ogre
  8047 | D:7      | Reached skill level 1 in Evocations
  8047 | D:7      | Reached XP level 9. HP: 58/58 MP: 3/13
  8288 | D:7      | Reached skill level 1 in Ice Magic
  8288 | D:7      | Reached skill level 1 in Air Magic
  8408 | D:7      | Reached skill level 5 in Earth Magic
  8449 | D:7      | Reached skill level 5 in Conjurations
  9109 | D:7      | Killed a two-headed ogre
  9648 | D:7      | Found a staircase to the Ecumenical Temple.
 10053 | D:7      | Reached XP level 10. HP: 37/65 MP: 15/15
 10378 | D:8      | Reached * piety under Ashenzari
 10452 | D:8      | Found a staircase to the Lair.
 10860 | D:8      | Noticed Erica
 10862 | D:8      | Noticed Pikel
 10866 | D:8      | Killed Erica
 10874 | D:8      | Killed Pikel
 10875 | D:8      | Reached skill level 5 in Fighting
 11183 | D:8      | Noticed Maurice
 11204 | D:8      | Reached skill level 5 in Dodging
 11206 | D:8      | Killed Maurice
 11207 | D:8      | Reached skill level 5 in Ice Magic
 11207 | D:8      | Reached skill level 5 in Air Magic
 11629 | D:8      | Found a burning altar of Makhleb.
 11883 | D:8      | Found an opulent altar of Gozag.
 11911 | D:8      | Found an ornate altar of the Wu Jian Council.
 11946 | D:8      | Found a radiant altar of Vehumet.
 11988 | D:8      | Found a sparkling altar of Nemelex Xobeh.
 12215 | D:9      | Noticed a seven-headed hydra
 12227 | D:9      | Killed a seven-headed hydra
 12228 | D:9      | Reached XP level 11. HP: 63/74 MP: 0/19
 12832 | D:9      | Noticed Prince Ribbit
 12838 | D:9      | Reached skill level 5 in Spellcasting
 12852 | D:9      | Killed Prince Ribbit
 13608 | D:10     | Entered Level 10 of the Dungeon
 13614 | D:10     | Noticed Sonja
 13621 | D:10     | Killed Sonja
 14060 | D:10     | Found a white marble altar of Elyvilon.
 14693 | D:10     | Noticed a catoblepas
 14703 | D:10     | HP: 3/70 [catoblepas (11)]
 14706 | D:10     | Killed a catoblepas
 15641 | D:11     | Noticed a two-headed ogre
 15641 | D:11     | Noticed a manticore
 15725 | Lair:1   | Entered Level 1 of the Lair of Beasts
 16005 | Lair:1   | Reached ** piety under Ashenzari
 16395 | Lair:1   | Noticed a boulder beetle
 16397 | Lair:1   | Noticed Joseph
 16404 | Lair:1   | Killed Joseph
 16412 | Lair:1   | Killed a boulder beetle
 16626 | Lair:1   | Reached XP level 12. HP: 26/84 MP: 22/22
 17372 | Lair:1   | Found a stormy altar of Qazlal.
 19635 | Lair:3   | Reached *** piety under Ashenzari
 19777 | Lair:3   | Reached skill level 5 in Stealth
 20120 | Lair:3   | Found a hole to the Spider Nest.
 20628 | Lair:4   | Identified the amulet of Qaenodd {Spirit Int+4}
 20877 | Lair:4   | Reached XP level 13. HP: 89/92 MP: 15/25
 21130 | Lair:4   | Reached **** piety under Ashenzari
 21494 | Lair:4   | Found a staircase to the Swamp.
 22149 | Lair:5   | Found a gate leading to a gauntlet.
 22158 | Gauntlet | Entered a Gauntlet
 22158 | Gauntlet | Found a transporter.
 22158 | Gauntlet | Found a large runed translucent door.
 22158 | Gauntlet | Found a large runed translucent door.
 22158 | Gauntlet | Found a large runed translucent door.
 22158 | Gauntlet | Found a large runed translucent door.
 22158 | Gauntlet | Found a runed translucent door.
 22158 | Gauntlet | Found a runed translucent door.
 22158 | Gauntlet | Found a large runed translucent door.
 22158 | Gauntlet | Found a large runed translucent door.
 22158 | Gauntlet | Found a large runed translucent door.
 22158 | Gauntlet | Found a large runed translucent door.
 22158 | Gauntlet | Found a large runed translucent door.
 22158 | Gauntlet | Found a large runed translucent door.
 22159 | Gauntlet | Found a large runed translucent door.
 22159 | Gauntlet | Found a large runed translucent door.
 22167 | Gauntlet | Found a transporter.
 22182 | Gauntlet | Found a transporter.
 22187 | Gauntlet | Found a transporter.
 22203 | Gauntlet | Found a transporter.
 22222 | Gauntlet | Found a transporter.
 22234 | Gauntlet | Found a transporter.
 22239 | Gauntlet | Noticed a blizzard demon
 22240 | Gauntlet | Found a transporter.
 22247 | Gauntlet | Identified the ring of Hospitality {Fly rC+ Str-2 Dex+4}
 22253 | Gauntlet | Identified the +1 cloak of Dishonour {Will++}
 22255 | Gauntlet | Found a transporter.
 22267 | Gauntlet | Found a transporter.
 22279 | Gauntlet | Found a transporter.
 22280 | Gauntlet | Noticed a blizzard demon
 22285 | Gauntlet | Found a transporter.
 22285 | Gauntlet | Found a transporter.
 22324 | Gauntlet | Found a transporter.
 22324 | Gauntlet | Identified the +0 hat of Daffodils {rC+++ Will++ Str+3
                  | Dex-5}
 22342 | Gauntlet | Found a large runed translucent door.
 22343 | Gauntlet | Found a large runed translucent door.
 22349 | Gauntlet | Found a large runed translucent door.
 22350 | Gauntlet | Found a large runed translucent door.
 22354 | Gauntlet | Found a runed translucent gate.
 22354 | Gauntlet | Found a runed translucent gate.
 22354 | Gauntlet | Found a runed translucent gate.
 22355 | Gauntlet | Found a transporter.
 22366 | Gauntlet | Found a transporter.
 22419 | Gauntlet | Found a transporter.
 23078 | Gauntlet | Noticed a minotaur
 23085 | Gauntlet | Killed a minotaur
 23295 | Gauntlet | Identified a scroll of acquirement
 23295 | Gauntlet | Identified the Disquisition on the Entourage and the Blaze
 23295 | Gauntlet | Identified the +7 war axe of Putrescence {spect, rElec
                  | Will+ Str-2 Int+3}
 23301 | Gauntlet | Acquired the +10 rapier "Lacertilianslayer" {vorpal, rF++}
 23403 | Lair:5   | Reached skill level 1 in Short Blades
 23541 | Lair:5   | Found a runed translucent door.
 23542 | Lair:5   | Found a viscous altar of Jiyva.
 23543 | Lair:5   | Noticed an acid blob
 23543 | Lair:5   | Noticed an acid blob
 23544 | Lair:5   | Found a staircase to the Slime Pits.
 23544 | Lair:5   | Noticed an acid blob
 23709 | Lair:5   | HP: 4/96 [death yak (12)]
 23710 | Lair:5   | HP: 1/96 [cloud of freezing vapour (3)]
 23710 | Lair:5   | Annihilated by a death yak

Illustrated notes

Levels and vault maps discovered:
D:1:      lightli_arrival_isolated_outpost, layout_loops_ring, serial_shops,
          shop, shapermc_ecumenical_altar_ellora
D:2:      layout_loops_corners
D:3:      layout_loops_ring, serial_forest, infiniplex_forest_straight_2,
          infiniplex_forest_fountain, infiniplex_forest_clump_double,
          infiniplex_forest_straight_4, infiniplex_forest_clump_diagonal,
          infiniplex_forest_lined_room_3, minmay_distorted
D:4:      layout_loops_ring, gammafunk_ghost_grave, uniq_natasha
D:5:      layout_cave_pools, serial_column_ruins, column_ruins_hut,
          column_ruins_hut, column_ruins_open_tiny,
          column_ruins_corridor_straight, column_ruins_open_small,
          column_ruins_open_tiny, column_ruins_corridor_straight,
          column_ruins_columns_straight, serial_shops, shop, uniq_eustachio
D:6:      dreamdust_elfheim, layout_loops_ring, mainiacjoe_overflow_alcove_1,
          lemuel_flame_loot_1
D:7:      layout_cave_pods, minmay_temple_entry_stoned_glass,
          grunt_decor_one_mirror
D:8:      layout_basic, bloody_makhleb, nicolae_overflow_quartered_altars,
          david_lair_shrubbed, dk_noncrumbling_2, uniq_erica, uniq_pikel,
          uniq_maurice
D:9:      layout_loops_cross, uniq_prince_ribbit1
D:10:     layout_grid_maze, mainiacjoe_overflow_alcove_4,
          minmay_misc_feat_more_columns, uniq_sonja
D:11:     layout_basic, lightli_church_of_beogh
Lair:1:   layout_cave_pods, st_stairs_12, lemuel_centaur_altar, uniq_joseph
Lair:2:   layout_hall_layers, dreamdust_gnoll_shepherd, lemuel_fruit_tree
Lair:3:   layout_chaotic_city, spider_nest_entry_funnel_web, minivault_24
Lair:4:   layout_hall_layers, skrybe_swamp_entry_bodies, grunt_megastairs_5,
          infiniplex_staircase_pool
Lair:5:   hellmonk_ruined_rings, layout_cave_pods, slime_altar_2,
          gauntlet_entry_generic

Skill      XL: |  1  2  3  4  5  6  7  8  9 10 11 12 13 |
---------------+----------------------------------------+-----
Stealth        | 1 2 3 4 5 8 |  8.2
Long Blades    | 3 4 5 6 7 8 |  8.4
Translocations | 4 |  4.0
Dodging        | 3 4 5 6 7 8 |  8.3
Conjurations   | 1 3 4 5 6 |  6.0
Earth Magic    | 1 3 4 6 |  6.3
Fighting       | 3 4 5 7 8 |  8.8
Spellcasting   | 3 4 5 6 7 |  7.3
Evocations     | 1 4 |  4.0
Ice Magic      | 3 5 6 7 8 |  8.4
Air Magic      | 3 5 6 8 |  8.2
Short Blades   | 3 |  3.1
Throwing       | |  1.1

Action                   |  1- 3 |  4- 6 |  7- 9 | 10-12 | 13-15 || total
-------------------------+-------+-------+-------+-------+-------++-------
Melee: Falchion          |    84 |   119 |    83 |       |       ||   286
       Constrict         |    12 |    25 |    26 |    37 |     8 ||   108
       Tentacles         |    10 |    31 |    27 |    51 |    21 ||   140
       Punch             |     1 |     2 |     2 |     1 |       ||     6
       Long sword        |       |       |    34 |    41 |       ||    75
       Scimitar          |       |       |       |   198 |    35 ||   233
       Rapier            |       |       |       |       |    24 ||    24
Throw: Boomerang         |     4 |       |       |       |       ||     4
 Cast: Passwall          |       |     1 |     2 |       |     2 ||     5
       Stone Arrow       |       |       |    75 |    91 |    40 ||   206
       Blink             |       |       |     2 |     3 |     2 ||     7
       Freezing Cloud    |       |       |     1 |    46 |    10 ||    57
Invok: Curse Item        |       |       |     1 |     5 |     2 ||     8
       Shatter the Chain |       |       |       |       |     1 ||     1
Evoke: Wand              |       |       |     1 |    23 |     9 ||    33
  Use: Scroll            |     1 |     5 |     6 |     5 |     3 ||    20
       Potion            |     3 |     1 |       |     6 |     4 ||    14
 Stab: Sleeping          |     5 |    17 |     3 |     5 |     2 ||    32
       Distracted        |     1 |       |       |     1 |       ||     2
       Paralysed         |       |       |       |     2 |       ||     2
Armor: Skin              |    30 |    24 |     5 |    12 |     4 ||    75
Dodge: Dodged            |    37 |    51 |    89 |   168 |    36 ||   381
Block: Other             |    17 |    29 |    25 |    49 |     9 ||   129
       Reflection        |       |     2 |     2 |     3 |       ||     7

Table legend: (Time is in decaauts)
 A = Elapsed time spent in this place.
 B = Non-inter-level travel time spent in this place.
 C = Inter-level travel time spent in this place.
 D = Time resting spent in this place.
 E = Time spent auto-exploring this place.
 F = Levels seen in this place.
 G = Mean time per level.
                   A        B        C        D        E       F      G
               +--------+--------+--------+--------+--------+-----+--------+
         Total |  23747 |  22953 |    794 |   1509 |  18518 |  17 | 1396.9 |
       Dungeon |  15778 |  15146 |    632 |    778 |  12425 |  11 | 1434.4 |
          Lair |   6731 |   6570 |    161 |      3 |   5806 |   5 | 1346.2 |
      Gauntlet |   1237 |   1237 |      0 |    728 |    287 |   1 | 1237.0 |
               +--------+--------+--------+--------+--------+-----+--------+

Top non-repeatable levels by time:
  Lair:1: 2447 daAuts
     D:7: 2324 daAuts
     D:8: 1878 daAuts
    D:10: 1757 daAuts
     D:9: 1726 daAuts
     D:2: 1582 daAuts
  Lair:4: 1566 daAuts
     D:1: 1540 daAuts
     D:5: 1477 daAuts
  Lair:3: 1475 daAuts
Gauntlet: 1237 daAuts
     D:6: 1215 daAuts
     D:4: 1160 daAuts
     D:3: 1081 daAuts
  Lair:2: 865 daAuts
